AoeStats
← BenJames

Arena

503946358Analyzed
2v2 RM · 28d ago on Sep 3, 2026· 47m 1s· 4 players
Game mode
Random Map
Map size
Medium (4 player)
Population
200
Speed
Normal
Resources
Standard
Victory
Conquest
Starting age
Dark Age
Ending age
Imperial Age
RankedLock teamsTeams togetherTeam positionsShared explorationLock speedFull tech treeHidden civsTurbo modeCheats
Victory
Defeat
🇦🇷 Bohemians · Argentina
1261
+11
🇲🇽 Spanish · Mexico
1204
+13
🇨🇴 Malians · Colombia
1143
-12
🇦🇷 Malay · Argentina
1134
-12
Eros
14:15 Feudal Age
17:10 Castle Age
14:56 Horse Collar
18:10 Scale Barding Armor
19:51 Husbandry
21:28 Forging
24:02 Gold Mining
23:53 Light Cavalry
25:28 Devotion
29:42 Iron Casting
33:04 Loom
35:18 Wheelbarrow
BenJames
11:16 Feudal Age
15:03 Castle Age
14:01 Double-Bit Axe
14:04 Horse Collar
17:41 Loom
19:53 Scale Mail Armor
26:15 Chain Mail Armor
26:08 Gold Mining
26:27 Heavy Plow
28:43 Fletching
29:33 Wheelbarrow
31:20 Bow Saw
31:47 Gold Shaft Mining
31:44 Bodkin Arrow
35:25 Imperial Age
33:36 Forging
35:07 Bloodlines
34:58 Husbandry
34:22 Light Cavalry
35:27 Hand Cart
35:58 Heavy Camel Rider
37:43 Iron Casting
37:39 Plate Mail Armor
38:07 Conscription
38:54 Elite Gbeto
39:35 Farimba
40:09 Ballistics
39:59 Scale Barding Armor
Fran!
10:48 Feudal Age
14:43 Castle Age
14:14 Loom
14:26 Double-Bit Axe
16:57 Bow Saw
18:10 Fervor
19:11 Town Watch
22:35 Fletching
26:22 Imperial Age
26:00 Chemistry
25:57 Bodkin Arrow
27:34 Conscription
27:26 Scale Mail Armor
27:36 Forging
29:04 Pikeman
29:45 Squires
30:27 Iron Casting
33:17 Bracer
36:10 Houfnice
38:26 Wheelbarrow
41:23 Hand Cart
Stranngel
10:50 Feudal Age
14:24 Castle Age
12:35 Double-Bit Axe
13:08 Horse Collar
14:18 Loom
15:58 Wheelbarrow
16:15 Sanctity
16:39 Fervor
23:38 Redemption
27:23 Town Watch
27:56 Hand Cart
28:06 Stone Mining
28:14 Gold Mining
28:44 Bow Saw
29:43 Atonement
33:41 Imperial Age
31:31 Bloodlines
31:22 Husbandry
32:04 Scale Barding Armor
32:44 Town Patrol
32:56 Heavy Plow
34:46 Conscription
33:52 Elite Conquistador
34:17 Light Cavalry
35:02 Fletching
35:16 Padded Archer Armor
37:09 Leather Archer Armor
39:28 Ring Archer Armor
40:21 Chemistry
39:41 Ballistics
39:31 Fletching
40:37 Supremacy
40:16 Sappers
42:59 Bodkin Arrow
43:05 Scale Mail Armor
43:16 Forging
45:56 Chain Barding Armor
46:12 Iron Casting
Connection lost

Rejoining the realm…

Still unreachable

The connection could not be restored.

Session expired

The server has moved on; the page needs a fresh start.